 Dungeon Crawl Stone Soup version coffee-0.2.0 (webtiles) character file.

Game seed: 8536802048696152359, levelgen mode: deterministic

282 Dorkslayer the Conjurer (level 5, 0/39 HPs)
             Began as a Demigod Conjurer on Sept 28, 2020.
             Slain by a crimson imp (4 damage)
             ... on level 4 of the Dungeon.
             The game lasted 00:23:22 (3832 turns).

Dorkslayer the Conjurer (Demigod Conjurer)          Turns: 3832, Time: 00:23:23

Health: 0/39       AC:  3    Str: 17    XL:     5   Next: 77%
Magic:  2/11       EV: 14    Int: 21    God:
Gold:   140        SH:  0    Dex: 19    Spells: 4/9 levels left

rFire    + . .     SeeInvis .   k - staff of fire
rCold    + . .     Gourm    .   (no shield)
rNeg     . . .     Faith    .   a - +0 robe
rPois    .         Spirit   .   p - +0 hat of Vonel {rC+ rCorr Dex+3}
rElec    .         Reflect  .   i - +0 cloak
rCorr    +         Harm     .   (no gloves)
MR       .....                  (no boots)
Stlth    +++.......             (no amulet)
HPRegen  0.13/turn              m - +6 ring of strength
MPRegen  0.12/turn              (no ring)

@: no status effects
A: high mp 1
a: no special abilities


You were on level 4 of the Dungeon.
You were hungry.

You visited 1 branch of the dungeon, and saw 4 of its levels.

You collected 140 gold pieces.

Inventory:

Hand Weapons
 d - a +0 dagger
 e - a +0 short sword
Missiles
 b - 5 boomerangs (quivered)
Armour
 a - a +0 robe (worn)
 i - a +0 cloak (worn)
 p - the +0 hat of Vonel (worn) {rC+ rCorr Dex+3}
   (You acquired it on level 3 of the Dungeon)

   It affects your dexterity (+3).
   It protects you from cold.
   It provides partial protection from all sources of acid and corrosion.
Magical Staves
 k - an uncursed staff of fire (weapon)
Jewellery
 m - a +6 ring of strength (left hand)
Scrolls
 f - a scroll of amnesia
 g - 2 scrolls of teleportation
 h - 2 scrolls of enchant armour
 j - a scroll of magic mapping
 n - 2 scrolls of remove curse
 o - a scroll of holy word
Comestibles
 c - 2 rations
 l - 4 chunks of flesh


   Skills:
 + Level 0.4(2.9) Fighting
 + Level 0.4(1.4) Short Blades
 * Level 2.1(2.2) Staves
 + Level 0.7 Throwing
 + Level 2.2(3.4) Dodging
 + Level 2.4(3.8) Stealth
 + Level 2.7(3.4) Spellcasting
 + Level 4.7 Conjurations
 * Level 1.2 Evocations


You had 4 spell levels left.
You knew the following spells:

 Your Spells              Type           Power        Failure   Level  Hunger
a - Magic Dart            Conj           ###.         1%          1    None
b - Corona                Hex            ###....      3%          1    None
c - Dazzling Flash        Conj/Hex       ###...       8%          3    ###....

Your spell library contained the following spells:

 Spells                   Type           Power        Failure   Level  Hunger
 Searing Ray              Conj           ###...       2%          2    ##.....
 Animate Skeleton         Necr           N/A          4%          1    None
 Apportation              Tloc           ###...       4%          1    None
 Summon Small Mammal      Summ           ###.         4%          1    None
 Fulminant Prism          Conj/Hex       ###.......   26%         4    ####...
 Iskenderun's Mystic Bla  Conj/Tloc      ###.....     26%         4    ####...


Dungeon Overview and Level Annotations

Branches:
Dungeon (4/10)             Temple (0/1) D:2

Shops:
D:3 [   D:4 *


Innate Abilities, Weirdness & Mutations

You have an increased reservoir of magic. (+10% MP)


Message History

Casting: Magic Dart (safe; 1% risk of failure)
Confirm with . or Enter, or press ? or * to list all spells.
Aiming: Magic Dart (safe; 1% risk of failure)
Press: ? - help, Shift-Dir - straight line, f - crimson imp
Aim: a crimson imp The magic dart hits the crimson imp.
The crimson imp is lightly wounded.
The crimson imp closely misses you.
You hit the crimson imp but do no damage.
The crimson imp is lightly wounded.
You are feeling hungry.
The crimson imp closely misses you.
You hit the crimson imp but do no damage.
The crimson imp hits you.
* * * LOW HITPOINT WARNING * * *
A jackal zombie comes into view.
You miss the crimson imp.
The crimson imp blinks!
The crimson imp shouts, "Begone, thou dankish roguish nightsoil!"
The crimson imp hits you.
You die...

#∩#####
#.)...#
######.###.#
#......#...#
≈≈.##.#.#...#
#........#
.#..#..<..#
≈......5...#
≈≈#######@..#
≈..a....§>..#
#Z#.#####.#.#
#.....###
###.### ...
###


You could see a worker ant and a crimson imp.

Vanquished Creatures
  A water moccasin zombie (D:4)
  A hound (D:4)
  An orc priest (D:3)
  6 gnolls
  An adder (D:2)
  2 oozes
  2 worms (D:3)
  4 dart slugs
  2 leopard geckos (D:3)
  5 orcs (D:3)
  A ball python (D:1)
  8 bats
  A giant cockroach (D:1)
  13 goblins
  8 hobgoblins
  9 kobolds
  2 quokkas (D:2)
  5 frilled lizards
  7 rats
79 creatures vanquished.

Vanquished Creatures (others)
  An ogre (D:4)
  2 orcs (D:4)
3 creatures vanquished.

Grand Total: 82 creatures vanquished

Notes
Turn   | Place    | Note
-------+----------+-------------------------------------------
     0 | D:1      | Dorkslayer the Demigod Conjurer began the quest for the
                  | Orb.
     0 | D:1      | Reached XP level 1. HP: 14/14 MP: 5/5
   167 | D:1      | Reached skill level 4 in Conjurations
   228 | D:1      | Reached XP level 2. HP: 20/20 MP: 0/7
   954 | D:1      | Reached XP level 3. HP: 26/26 MP: 6/8
  1343 | D:2      | Learned a level 1 spell: Corona
  1347 | D:2      | Learned a level 3 spell: Dazzling Flash
  1372 | D:2      | Found a faded altar of an unknown god.
  1538 | D:2      | Found a snail-covered altar of Cheibriados.
  1538 | D:2      | Found a blossoming altar of Fedhas.
  1548 | D:2      | Found a hide-covered altar of Uskayaw.
  1552 | D:2      | Found a faded altar of an unknown god.
  1553 | D:2      | Found a faded altar of an unknown god.
  1614 | D:2      | Found a staircase to the Ecumenical Temple.
  1730 | D:2      | Found a stormy altar of Qazlal.
  1986 | D:2      | Reached XP level 4. HP: 27/33 MP: 3/10
  2241 | D:3      | Found Lemoem's Antique Armour Boutique.
  2318 | D:3      | Reached skill level 1 in Staves
  2558 | D:3      | Reached XP level 5. HP: 9/38 MP: 0/11
  3035 | D:3      | Found a burning altar of Makhleb.
  3497 | D:3      | Identified the +0 hat of Vonel {rC+ rCorr Dex+3} (You
                  | acquired it on level 3 of the Dungeon)
  3733 | D:4      | Found Fausoid's Assorted Antiques.
  3756 | D:4      | Reached skill level 1 in Evocations
  3817 | D:4      | Killed an ogre
  3832 | D:4      | Slain by a crimson imp

Levels and vault maps discovered:
D:1:      lightli_arrival_farm, layout_basic
D:2:      layout_loops_ring, grunt_qazlal_clouds,
          chequers_temple_overflow_minitemple,
          minmay_temple_entry_statues_fountains,
          chequers_ecumenical_altar_twisty
D:3:      layout_rooms, lemuel_round_altar, serial_shops, shop,
          minmay_randomly_rotated_circles
D:4:      layout_basic, xom_confusion_cloud, overflow_temple_1_default,
          serial_shops, shop, first_ration, dk_yredelemnul_ordeal

Skill      XL: |  1  2  3  4  5 |
---------------+----------------+-----
Conjurations   | 4 |  4.7
Spellcasting   | 2 |  2.7
Dodging        | 2 |  2.2
Stealth        | 2 |  2.4
Staves         | 1 2 |  2.1
Evocations     | 1 |  1.2
Fighting       | |  0.4
Short Blades   | |  0.4
Throwing       | |  0.7

Action                   |  1- 3 |  4- 6 || total
-------------------------+-------+-------++-------
Melee: Unarmed           |     3 |       ||     3
       Dagger            |    21 |       ||    21
       Short sword       |     4 |       ||     4
       Staff             |     3 |    99 ||   102
Throw: Boomerang         |     4 |    22 ||    26
 Cast: Magic Dart        |    82 |    68 ||   150
       Dazzling Flash    |     1 |     7 ||     8
  Use: Potion            |       |     4 ||     4
       Scroll            |       |     2 ||     2
 Stab: Sleeping          |     2 |       ||     2
       Invisible         |     2 |     1 ||     3
  Eat: Chunk             |     3 |     3 ||     6
       Ration            |       |     1 ||     1
Armor: Robe              |     4 |    13 ||    17
       Skin              |       |    40 ||    40
Dodge: Dodged            |    27 |    74 ||   101
